[Event "Early-Titled-Tuesday-Blitz-December-26-2023"]
[Site "Chess.com"]
[Date "2023.12.26"]
[Round "5"]
[White "Agibileg"]
[Black "DuleMudule"]
[Result "0-1"]
[WhiteElo "2702"]
[BlackElo "2938"]
[TimeControl "180+1"]
[EndTime "8:55:31 PST"]
[Termination "DuleMudule won by resignation"]

1. d4 d5 2. c4 Nc6 3. e4 dxe4 4. d5 Ne5 5. Nc3 e6 6. Bf4 Ng6 7. Bg3 e5 8. Nxe4 f5 9. Bd3 fxe4 10. Bxe4 Nf6 11.
Bxg6+ hxg6 12. Bxe5 Bb4+ 13. Kf1 O-O 14. Nf3 Bg4 15. Qd3 Bxf3 16. gxf3 Bd6 17. Bc3 Qd7 18. Qxg6 Qh3+ 19. Qg2 Qxg2+ 20. Kxg2 Nh5 21. Rhg1 Rae8 22. Rae1 b6 23. Re4 a5 24. Rge1 Nf4+ 25. Kf1 Rxe4 26. fxe4 Nd3 27. Re2 Bxh2 28. e5 Nc1 29. Re4 Nxa2 30.
Bd2 Nb4 31. Kg2 Nd3 32. Kxh2 Rxf2+ 33. Kg3 Rxd2 34. e6 Nc5 35. Rf4 Re2 36. Rf7 c6 37. Rc7 cxd5 38. cxd5 Nxe6 39. dxe6 Rxe6 40. Rb7 Kh7 41.
Kf4 Kh6 42. Kf5 Rc6 43. Ke5 Rc5+ 44. Kd6 Rb5 0-1

[Event "Early-Titled-Tuesday-Blitz-December-26-2023"]
[Site "Chess.com"]
[Date "2023.12.26"]
[Round "5"]
[White "Iball95"]
[Black "Zavgorodniy_Sergiy"]
[Result "1/2-1/2"]
[WhiteElo "2801"]
[BlackElo "2628"]
[TimeControl "180+1"]
[EndTime "8:55:33 PST"]
[Termination "Game drawn by repetition"]

1. e4 c6 2. d4 d5 3. exd5 cxd5 4.
c4 Nf6 5. Nc3 e6 6. c5 Be7 7. Bb5+ Bd7 8. Bxd7+ Qxd7 9. Nf3 Nc6 10.
Rb1 Ne4 11. Qc2 Bf6 12. b4 Bxd4 13. Nxe4 dxe4 14. Qxe4 Bc3+ 15. Ke2 O-O-O 16. Bg5 Qd5 17. Qxd5 Rxd5 18. a3 a5 19. Rhc1 axb4 20. Be3 Rhd8 21.
axb4 Bxb4 22. Ng5 Bd2 23. Nxf7 Bxc1 24. Nxd8 Bxe3 25. Nxc6 Bxc5 26. Na5 b6 27. Nc4 Kc7 28. g3 Rd4 29. Nd2 Rb4 30. Rc1 Rb2 31. f4 Kd7 32. Kd3 Bb4 33. Nc4 Rxh2 34. Nxb6+ Kd6 35.
Nc8+ Kd7 36. Nb6+ Kd6 37. Nc8+ Kd7 38. Nb6+ 1/2-1/2

[Event "Early-Titled-Tuesday-Blitz-December-26-2023"]
[Site "Chess.com"]
[Date "2023.12.26"]
[Round "5"]
[White "Magila31"]
[Black "hakanazeri2"]
[Result "1-0"]
[WhiteElo "2367"]
[BlackElo "2567"]
[TimeControl "180+1"]
[EndTime "8:55:33 PST"]
[Termination "Magila31 won by resignation"]

1. Nf3 d5 2. g3 Nf6 3. Bg2 Bg4 4. Ne5 Be6 5. O-O Nbd7 6. Nd3 Bf5 7. Nf4 e6 8. d4 c6 9. c3 Bd6 10. Nd2 h5 11.
Nf3 Ne4 12. Nh4 g5 13. Nxf5 exf5 14. Nh3 g4 15. Nf4 h4 16. f3 Ng5 17. fxg4 fxg4 18.
e4 hxg3 19. Qxg4 gxh2+ 20. Kh1 Nxe4 21. Bxe4 dxe4 22. Nh5 Qe7 23. Bg5 Rg8 24. Bxe7 Rxg4 25. Bxd6 Rg5 26. Nf6+ Nxf6 27. Rxf6 Kd7 28. Bf4 Rg7 29. Re1 Re8 30. Be5 Reg8 31. Bxh2 Rh7 32. Rxe4 Rgh8 33. Re2 Rg8 34. Ref2 Re8 35. Rxf7+ 1-0

[Event "Early-Titled-Tuesday-Blitz-December-26-2023"]
[Site "Chess.com"]
[Date "2023.12.26"]
[Round "5"]
[White "alvarorodriguezavila"]
[Black "Kotlyar_K"]
[Result "1-0"]
[WhiteElo "2298"]
[BlackElo "2483"]
[TimeControl "180+1"]
[EndTime "8:55:33 PST"]
[Termination "alvarorodriguezavila won by checkmate"]

1. e4 e5 2. Nf3 Nc6 3. Bb5 a6 4.
Ba4 Nf6 5. O-O Be7 6. Re1 b5 7. Bb3 O-O 8. a4 b4 9. d3 d6 10. a5 h6 11. h3 Be6 12. Nbd2 Re8 13. Nc4 Bf8 14. Bd2 Rb8 15. c3 bxc3 16. Bxc3 Nb4 17.
d4 exd4 18. Nxd4 Nxe4 19. Rxe4 d5 20. Rxe6 fxe6 21. Ne5 c5 22. Ndc6 Nxc6 23. Nxc6 Qc8 24. Nxb8 Qxb8 25. Ba4 Rd8 26. Qe2 Qc8 27. Re1 Kf7 28.
Be5 Qb7 29. Qf3+ Kg8 30. Qg4 Kf7 31. Bc2 Qc6 32. Qg6+ Kg8 33. Qh7+ Kf7 34. Bg6+ Ke7 35. Bxg7 Kd6 36. Be5# 1-0

[Event "Early-Titled-Tuesday-Blitz-December-26-2023"]
[Site "Chess.com"]
[Date "2023.12.26"]
[Round "5"]
[White "enestnrvrd"]
[Black "Kiborg95"]
[Result "1-0"]
[WhiteElo "2664"]
[BlackElo "2800"]
[TimeControl "180+1"]
[EndTime "8:55:34 PST"]
[Termination "enestnrvrd won by resignation"]

1. Nf3 d6 2. d4 Nf6 3. c4 Nbd7 4. Nc3 e5 5. e3 g6 6. Bd3 Bg7 7. O-O O-O 8. Qc2 a5 9. b3 Re8 10. Bb2 b6 11. Rae1 Bb7 12. d5 Nc5 13. Nd2 Nxd3 14. Qxd3 Nd7 15. e4 Nc5 16. Qc2 Bh6 17. Nd1 Bc8 18. Ne3 Rf8 19. a3 f5 20. exf5 gxf5 21. f4 exf4 22. Qc3 Qf6 23. Qxf6 Rxf6 24. Bxf6 fxe3 25.
Nf3 Nxb3 26. Bg5 Bxg5 27. Nxg5 Nd2 28. Rf4 h6 29. Ne6 Bxe6 30. dxe6 Ne4 31. Rxe3 Re8 32. g4 Kg7 33. gxf5 Ng5 34. f6+ Kg6 35. f7 1-0

[Event "Early-Titled-Tuesday-Blitz-December-26-2023"]
[Site "Chess.com"]
[Date "2023.12.26"]
[Round "5"]
[White "Shahdad2007"]
[Black "defenceboy"]
[Result "1/2-1/2"]
[WhiteElo "2348"]
[BlackElo "2814"]
[TimeControl "180+1"]
[EndTime "8:55:35 PST"]
[Termination "Game drawn by repetition"]

1. e4 c5 2. Nf3 e6 3. d4 cxd4 4.
Nxd4 Nc6 5. Nc3 Qc7 6. Be3 a6 7.
Be2 Nf6 8. O-O Be7 9. f4 d6 10. Bf3 O-O 11. Re1 Bd7 12. Kh1 Nxd4 13. Bxd4 Bc6 14. e5 Ne8 15. Ne4 Rd8 16. Qe2 dxe5 17. Bxe5 Qb6 18. Rad1 Nf6 19. Nxf6+ Bxf6 20. Bxf6 gxf6 21.
Bxc6 bxc6 22. Qg4+ Kh8 23. b3 Qc5 24. c4 h5 25. Qf3 a5 26. h3 Rg8 27. Rxd8 Rxd8 28. Re5 fxe5 29. Qxh5+ Kg7 30. Qg5+ Kh7 31. Qxd8 Qf2 32.
fxe5 Qe1+ 33. Kh2 Qxe5+ 34. Kh1 Qa1+ 35. Kh2 Qxa2 36. Qh4+ Kg7 37. Qg5+ Kf8 38. Qd8+ Kg7 39. Qg5+ Kf8 40. Qc5+ Kg7 41. Qg5+ 1/2-1/2

[Event "Early-Titled-Tuesday-Blitz-December-26-2023"]
[Site "Chess.com"]
[Date "2023.12.26"]
[Round "5"]
[White "FunnyDuck66"]
[Black "Navyblue1"]
[Result "1-0"]
[WhiteElo "2479"]
[BlackElo "2174"]
[TimeControl "180+1"]
[EndTime "8:55:35 PST"]
[Termination "FunnyDuck66 won on time"]

1. d4 Nf6 2. Nf3 g6 3. Bg5 Bg7 4. Nbd2 d5 5. e3 O-O 6. Be2 c5 7. c3 Nc6 8. dxc5 e5 9. e4 h6 10. Bxf6 Bxf6 11. O-O a5 12. Qc2 Bg7 13. Rad1 d4 14. Nc4 Be6 15. Nb6 Ra7 16. a3 Qe7 17.
cxd4 exd4 18. Nd5 Qd7 19. Bc4 a4 20. Rfe1 Ra5 21. Nb4 Qe7 22. Bxe6 fxe6 23. Nd3 e5 24. Qc4+ Qf7 25. Qc2 Rc8 26. Rc1 Qe6 27. Qd2 Rb5 28. Qc2 Qb3 29. Qd2 g5 30. h3 Kf7 31. Rc2 Ke6 32.
Rec1 Ne7 33. Qe2 Bf6 34. Nd2 Ng6 35. Nxb3 1-0

[Event "Early-Titled-Tuesday-Blitz-December-26-2023"]
[Site "Chess.com"]
[Date "2023.12.26"]
[Round "5"]
[White "CSB7"]
[Black "AGW2016"]
[Result "0-1"]
[WhiteElo "2677"]
[BlackElo "2563"]
[TimeControl "180+1"]
[EndTime "8:55:36 PST"]
[Termination "AGW2016 won on time"]

1. Nf3 Nf6 2. g3 g6 3. Bg2 Bg7 4. O-O O-O 5. d4 d6 6. c4 c6 7. Nc3 Bf5 8. Ne1 e5 9. d5 cxd5 10. cxd5 Na6 11. e4 Bg4 12. f3 Bd7 13. Be3 Nh5 14. Qb3 Nc5 15. Bxc5 dxc5 16. Qxb7 Rb8 17. Qxa7 Rxb2 18. Nd3 Rc2 19. Rac1 Rxc1 20. Rxc1 Bh6 21. Rd1 Be3+ 22. Nf2 Nf6 23. Qa3 Qa8 24. Qxa8 Rxa8 25. Rb1 c4 26. Kf1 Bd4 27. Nfd1 Ra3 28. Rc1 Ne8 29.
Ke1 Nd6 30. Kd2 Nb5 31. Bf1 Nd6 32. Nb2 Bxc3+ 33. Rxc3 Rxa2 34. Kc2 Ba4+ 35. Kb1 Bb3 36. Nxc4 Bxc4 37. Bxc4 Rxh2 38. Bb3 Kf8 39. Rc6 Ke7 40. f4 exf4 41. e5 fxg3 42. exd6+ Kd8 0-1

[Event "Early-Titled-Tuesday-Blitz-December-26-2023"]
[Site "Chess.com"]
[Date "2023.12.26"]
[Round "5"]
[White "dodoucb"]
[Black "Pastore1978"]
[Result "1-0"]
[WhiteElo "2488"]
[BlackElo "2192"]
[TimeControl "180+1"]
[EndTime "8:55:36 PST"]
[Termination "dodoucb won on time"]

1. d4 d5 2. Nf3 Nf6 3. c4 e6 4.
Nc3 c6 5. e3 Nbd7 6. b3 Bb4 7.
Bd2 O-O 8. Bd3 Qe7 9. O-O e5 10. dxe5 Nxe5 11. Nxe5 Qxe5 12. Qc2 dxc4 13. Bxc4 Bd6 14. f4 Qh5 15. Rae1 Bc5 16. Na4 Bf5 17. Qd1 Bg4 18. Be2 Rad8 19. Bxg4 Nxg4 20. h3 Bb4 21.
hxg4 Qb5 22. Re2 Rd7 23. Rff2 Rfd8 24. Qc2 Ba3 25. Nc3 Qb6 26. Ne4 g6 27. Bc3 Rd1+ 28.
Rf1 Rxf1+ 29. Kxf1 Kf8 30. Bd4 Qb5 31. Bc5+ 1-0

[Event "Early-Titled-Tuesday-Blitz-December-26-2023"]
[Site "Chess.com"]
[Date "2023.12.26"]
[Round "5"]
[White "Iskusnyh"]
[Black "BashirliSaadat"]
[Result "1-0"]
[WhiteElo "2625"]
[BlackElo "2443"]
[TimeControl "180+1"]
[EndTime "8:55:37 PST"]
[Termination "Iskusnyh won on time"]

1. d4 Nf6 2. c4 g6 3. g3 Bg7 4.
Bg2 d5 5. Nc3 c6 6. Qb3 dxc4 7.
Qxc4 Be6 8. Qa4 Nd5 9. Nxd5 Bxd5 10. e4 Be6 11. Ne2 O-O 12. O-O b5 13. Qc2 Bc4 14. Rd1 Bxe2 15. Qxe2 Bxd4 16. e5 Qb6 17. a4 Rd8 18.
Bg5 Nd7 19. e6 Nf6 20. exf7+ Kxf7 21. axb5 Qc5 22. Bxc6 Rab8 23. Bf4 e5 24. Bg5 Rd6 25. Rac1 Qb6 26. Kg2 Kg7 27. f4 h6 28. fxe5 Bxe5 29. Qxe5 Rxd1 30. Rxd1 Rf8 31. Rd7+ 1-0

[Event "Early-Titled-Tuesday-Blitz-December-26-2023"]
[Site "Chess.com"]
[Date "2023.12.26"]
[Round "5"]
[White "NelsonLinda"]
[Black "OneTrickPony_82"]
[Result "0-1"]
[WhiteElo "2612"]
[BlackElo "2461"]
[TimeControl "180+1"]
[EndTime "8:55:39 PST"]
[Termination "OneTrickPony_82 won by resignation"]

1. b3 e5 2. Bb2 Nc6 3. e3 d5 4.
Bb5 Ne7 5. Nf3 f6 6. d4 e4 7.
Ng1 a6 8. Be2 f5 9. Nh3 Ng6 10.
Nf4 Nxf4 11. exf4 Bd6 12. g3 Be6 13. Nd2 Qf6 14. Nf1 O-O 15. h4 Bc5 16. c3 Bd6 17.
Ne3 Ne7 18. Qd2 c5 19. c4 cxd4 20. Bxd4 Qf7 21. c5 Bc7 22. O-O-O Nc6 23. Nc2 Rfd8 24. Kb1 a5 25. h5 h6 26. Bb5 Nxd4 27. Qxd4 Bd7 28. Be2 Bc6 29. Qc3 Rd7 30. Nd4 Bd8 31. Rhg1 Bf6 32. Qc2 a4 33. b4 Rdd8 34. a3 Rac8 35.
Rd2 Bd7 36. Rc1 b6 37. Qd1 bxc5 38. Rxc5 Rxc5 39. bxc5 Qe7 40. Rc2 Be8 41. Ka2 Rb8 42. Qd2 Qb7 43. Rc1 Bxd4 44. Qxd4 Qb3+ 0-1

[Event "Early-Titled-Tuesday-Blitz-December-26-2023"]
[Site "Chess.com"]
[Date "2023.12.26"]
[Round "5"]
[White "Szparu"]
[Black "albi1999"]
[Result "1-0"]
[WhiteElo "2873"]
[BlackElo "2665"]
[TimeControl "180+1"]
[EndTime "8:55:40 PST"]
[Termination "Szparu won by resignation"]

1. e4 e5 2. Nf3 Nc6 3. d4 exd4 4.
Nxd4 Bb4+ 5. c3 Be7 6. Bd3 Nf6 7. Nxc6 bxc6 8. e5 Nd5 9. Qg4 g6 10. Qg3 O-O 11. h4 f5 12. h5 Qe8 13. Bh6 Rf6 14. f4 Bf8 15. Bg5 Re6 16. hxg6 hxg6 17. Qh3 Bg7 18. Qh7+ Kf7 19. g4 fxg4 20. Rh6 Rxe5+ 21. Kd2 Rxg5 22. fxg5 Qe3+ 23. Kc2 Qf2+ 24. Kc1 Qg1+ 25. Kc2 Ne3+ 26. Kb3 Rb8+ 27. Ka3 Nc4+ 28. Bxc4+ d5 29. Rxg6 Qc5+ 30. b4 Qf8 31. Rf6+ Ke7 32.
Rxf8 Kxf8 33. Nd2 1-0

[Event "Early-Titled-Tuesday-Blitz-December-26-2023"]
[Site "Chess.com"]
[Date "2023.12.26"]
[Round "5"]
[White "Mikhail_Golubev"]
[Black "Angry_Twin"]
[Result "0-1"]
[WhiteElo "2615"]
[BlackElo "2941"]
[TimeControl "180+1"]
[EndTime "8:55:41 PST"]
[Termination "Angry_Twin won on time"]

1. e4 c5 2. Nf3 d6 3. d4 cxd4 4. Nxd4 Nf6 5. Nc3 a6 6. Bc4 e6 7. O-O Be7 8. Bb3 b5 9. f4 O-O 10. e5 dxe5 11. fxe5 Nfd7 12. Be3 Bb7 13. Qh5 Nc5 14.
Rxf7 Rxf7 15. Nxe6 Nxe6 16. Bxe6 Nc6 17. Bxf7+ Kh8 18.
Rd1 Qf8 19. Rf1 Bc5 20. Qg5 Qe7 21. Qg3 Nxe5 22. Bxc5 Qxc5+ 23. Qf2 Qd6 24. Bb3 Ng4 25. Qf4 Qc5+ 26. Kh1 Nf6 27. Qf2 Qh5 28. Ne2 Re8 29. Ng3 Qe5 30. h3 Qxb2 31. Qf4 Qe5 0-1

[Event "Early-Titled-Tuesday-Blitz-December-26-2023"]
[Site "Chess.com"]
[Date "2023.12.26"]
[Round "5"]
[White "maurovargas01"]
[Black "ShadyH9"]
[Result "0-1"]
[WhiteElo "1876"]
[BlackElo "2351"]
[TimeControl "180+1"]
[EndTime "8:55:41 PST"]
[Termination "ShadyH9 won on time"]

1. e4 c5 2. Nc3 Nc6 3. f4 e6 4. Nf3 a6 5. d3 d5 6. e5 Nh6 7. h3 Nf5 8. g4 Nh4 9. Be2 h5 10. g5 Nf5 11. O-O g6 12. Rf2 b5 13. Bf1 Bb7 14. Bg2 Be7 15. Kh2 Qb6 16. Ne2 d4 17. Ng3 Nxg3 18. Kxg3 Nb4 19. Nd2 Bxg2 20. Rxg2 h4+ 21.
Kh2 Nd5 22. Ne4 Kf8 23. Qe1 Kg7 24. Rg4 c4 25. Rxh4 Rxh4 26. Qxh4 Rh8 27. Qg3 Qc6 28.
Bd2 b4 29. a3 c3 30. bxc3 bxc3 31. Be1 Ne3 32. Bf2 Nxc2 33. Ra2 Qa4 34. Nd6 Qb3 0-1

[Event "Early-Titled-Tuesday-Blitz-December-26-2023"]
[Site "Chess.com"]
[Date "2023.12.26"]
[Round "5"]
[White "Matic_Nareks"]
[Black "AljoschaFeuerstack"]
[Result "0-1"]
[WhiteElo "2489"]
[BlackElo "2690"]
[TimeControl "180+1"]
[EndTime "8:55:43 PST"]
[Termination "AljoschaFeuerstack won by resignation"]

1. e4 a6 2. d4 c6 3. d5 g6 4. Nf3 Bg7 5. Be2 Nf6 6. Nc3 O-O 7. O-O d6 8. h3 b5 9. a3 Bb7 10. Bg5 h6 11. Be3 Nbd7 12. Re1 cxd5 13. exd5 Nb6 14. Bxb6 Qxb6 15. Qd3 Rac8 16. Nd2 Nd7 17. Nb3 Ne5 18. Qg3 Rfe8 19. Qe3 Qxe3 20. fxe3 Ba8 21. Na5 Nd7 22. a4 b4 23. Nd1 Bxd5 24. Bxa6 Rxc2 25. Bb5 Rxg2+ 26. Kf1 Ra8 27. e4 Be6 28. Kxg2 Rxa5 29. Rc1 Nc5 30. e5 Nxa4 31. Bxa4 Rxa4 32. exd6 exd6 33. Rc7 Ra2 34. Re2 Bb3 35. Nf2 Rxb2 36. Rxb2 Bxb2 37. Ne4 Bd5 38. Kf3 Be5 39. Ke3 b3 40.
Rc8+ Kg7 41. Rb8 f5 42. Nd2 f4+ 43. Kd3 b2 44. Nc4 Bxc4+ 45. Kxc4 d5+ 46. Kd3 Bxb8 0-1

[Event "Early-Titled-Tuesday-Blitz-December-26-2023"]
[Site "Chess.com"]
[Date "2023.12.26"]
[Round "5"]
[White "Dinosaurio_1975"]
[Black "suyu28"]
[Result "0-1"]
[WhiteElo "2609"]
[BlackElo "2793"]
[TimeControl "180+1"]
[EndTime "8:55:46 PST"]
[Termination "suyu28 won on time"]

1. e4 e5 2. Nf3 Nc6 3. Bc4 Nf6 4. d3 Bc5 5. Be3 Bb6 6. O-O d6 7. a4 Be6 8. Nbd2 O-O 9. c3 d5 10. exd5 Nxd5 11. Bxb6 axb6 12. Re1 Qf6 13. Ne4 Qg6 14. Neg5 Nf4 15. Bxe6 fxe6 16. g3 Nxd3 17. Nh4 Qxg5 18. Qxd3 Rad8 19. Qc4 Qf6 20. Re2 Rd5 21. Rae1 Rf7 22.
Qg4 Ne7 23. Ng2 Nf5 24. Qc4 Nd6 25. Qh4 e4 26. Qg4 Rf5 27. Nf4 g6 28. h4 Kg7 29.
Qh3 Rxf4 30. gxf4 Qxf4 31. Qg3 Qf5 32. Qg2 Qe5 33. Re3 Rf4 34. Qg3 Qf5 35. Qh2 Nc4 36. Rg3 Ne5 37. Qg2 Nf3+ 38. Kf1 Qd5 39. Rg4 Qd3+ 0-1

[Event "Early-Titled-Tuesday-Blitz-December-26-2023"]
[Site "Chess.com"]
[Date "2023.12.26"]
[Round "5"]
[White "AndresDelgado77"]
[Black "Bala-Afiada"]
[Result "0-1"]
[WhiteElo "2335"]
[BlackElo "2033"]
[TimeControl "180+1"]
[EndTime "8:55:46 PST"]
[Termination "Bala-Afiada won on time"]

1. e4 c5 2. Nf3 Nc6 3. b4 cxb4 4. d4 e6 5. a3 Nf6 6. d5 exd5 7. exd5 Nb8 8. d6 Ne4 9. Qe2 f5 10. Nbd2 Bxd6 11.
Nxe4 fxe4 12. Bg5 Be7 13. Qxe4 Nc6 14. Bc4 Qc7 15. O-O d6 16. Rfe1 Ne5 17. Nxe5 dxe5 18.
Bb5+ Bd7 19. Bxe7 Kxe7 20. Bxd7 Qxd7 21. Qxe5+ Kf7 22. Rad1 Qe8 23. Qf5+ Kg8 24. Rxe8+ Rxe8 25. h4 h6 26. Rd7 Rf8 27. Qe6+ Kh7 28. Rxb7 Rhg8 29.
h5 Kh8 0-1

[Event "Early-Titled-Tuesday-Blitz-December-26-2023"]
[Site "Chess.com"]
[Date "2023.12.26"]
[Round "5"]
[White "AnaKuchava"]
[Black "Matols"]
[Result "0-1"]
[WhiteElo "2204"]
[BlackElo "2385"]
[TimeControl "180+1"]
[EndTime "8:55:46 PST"]
[Termination "Matols won on time"]

1. d4 d5 2. Nf3 Nf6 3. c4 e6 4.
Nc3 a6 5. e3 dxc4 6. Bxc4 c5 7.
O-O Nc6 8. Qe2 cxd4 9. Rd1 Be7 10. exd4 O-O 11. Bg5 b5 12. Bb3 Nd5 13. Nxd5 Bxg5 14.
Nxg5 Qxg5 15. Nb6 Bb7 16. d5 Nb4 17. Nxa8 Bxa8 18. Qd2 Qxd2 19. Rxd2 Nxd5 20. Rc1 g6 21. a3 Kg7 22. Bxd5 Bxd5 23. Rc7 h5 24. f3 a5 25. Ra7 a4 26. Rc7 h4 27. Kf2 g5 28. Rd4 Kf6 29. f4 g4 30. Rc5 Rb8 31. g3 h3 32. Rd2 b4 33. axb4 Rxb4 34. Ke3 Rb3+ 35. Kf2 a3 36.
bxa3 Rxa3 37. Rc7 Ra1 38. Rc8 Rh1 39. Ke3 Rg1 40. Rg8 Rg2 0-1

[Event "Early-Titled-Tuesday-Blitz-December-26-2023"]
[Site "Chess.com"]
[Date "2023.12.26"]
[Round "5"]
[White "Sofia_Blokhin"]
[Black "adapodadei"]
[Result "0-1"]
[WhiteElo "2319"]
[BlackElo "2739"]
[TimeControl "180+1"]
[EndTime "8:55:51 PST"]
[Termination "adapodadei won by resignation"]

1. d4 Nf6 2. c4 g6 3. Nc3 Bg7 4.
e4 d6 5. f3 O-O 6. Be3 a6 7. Qd2 Nc6 8. O-O-O Na5 9. g4 b5 10.
h4 h5 11. Nd5 Nxc4 12. Bxc4 bxc4 13. Nxf6+ exf6 14. gxh5 f5 15. hxg6 fxg6 16. h5 fxe4 17. hxg6 Bf5 18. Bh6 c3 19. bxc3 Rb8 20. Bxg7 Rb1+ 21.
Kxb1 e3+ 22. Ka1 exd2 23. Bxf8 Qxf8 24. Rxd2 Qe7 25. Re2 Qg5 26. Kb2 Bxg6 27. Nh3 Qb5+ 28. Ka3 Qxe2 29. Rg1 Qc2 30. Nf4 Qxc3+ 31. Ka4 Qxd4+ 32.
Kb3 Qxg1 33. Nxg6 Qxg6 0-1

[Event "Early-Titled-Tuesday-Blitz-December-26-2023"]
[Site "Chess.com"]
[Date "2023.12.26"]
[Round "5"]
[White "Yushko_Olga"]
[Black "Kotofeyca"]
[Result "0-1"]
[WhiteElo "2171"]
[BlackElo "2427"]
[TimeControl "180+1"]
[EndTime "8:55:51 PST"]
[Termination "Kotofeyca won by resignation"]

1. d4 d5 2. c4 c6 3. cxd5 cxd5 4. Nc3 Nf6 5. Nf3 Nc6 6. Bf4 a6 7. e3 Bg4 8. Bd3 e6 9. O-O Bd6 10. Bg5 O-O 11. Rc1 Rc8 12. Bb1 Bh5 13. Qc2 Bg6 14. Qb3 Na5 15. Qd1 Nc4 16. Bxg6 hxg6 17. b3 Na5 18. Na4 Ba3 19. Rxc8 Qxc8 20. Bxf6 gxf6 21. Qd2 Qc7 22. Nc5 Bxc5 23. dxc5 Kg7 24. Rc1 Rh8 25. Qb4 Nc6 26. Qg4 Ne5 27. Nxe5 Qxe5 28. h3 Qb2 29.
Qd1 Qxa2 30. b4 Rh4 31. f4 Qa3 32. Kf2 Qxb4 33. Qc2 d4 34. Kg3 dxe3 35. Kxh4 Qxf4+ 36. g4 g5+ 37. Kh5 Qg3 0-1

[Event "Early-Titled-Tuesday-Blitz-December-26-2023"]
[Site "Chess.com"]
[Date "2023.12.26"]
[Round "5"]
[White "Viktor_Poddubnyi"]
[Black "hsmile"]
[Result "1-0"]
[WhiteElo "2371"]
[BlackElo "2083"]
[TimeControl "180+1"]
[EndTime "8:55:51 PST"]
[Termination "Viktor_Poddubnyi won on time"]

1. e4 Nf6 2. e5 Nd5 3. d4 d6 4. c4 Nb6 5. f4 dxe5 6. fxe5 Nc6 7. Be3 Bf5 8. Nc3 e6 9. Nf3 Bb4 10. Be2 Na5 11. a3 Bxc3+ 12. bxc3 O-O 13. c5 Nd5 14. Bd2 Nc6 15. O-O b6 16. Bb5 Nde7 17. cxb6 axb6 18. Qe2 h6 19. Be3 Na5 20. a4 Nd5 21. Bd2 Nb3 22.
Rae1 Nxd2 23. Qxd2 c5 24. dxc5 bxc5 25. c4 Nb4 26.
Rd1 Qxd2 27. Rxd2 Rfd8 28. Rfd1 Rxd2 29. Rxd2 Bg4 30. Kf2 1-0

[Event "Early-Titled-Tuesday-Blitz-December-26-2023"]
[Site "Chess.com"]
[Date "2023.12.26"]
[Round "5"]
[White "Blackwhite017"]
[Black "Barbix1"]
[Result "0-1"]
[WhiteElo "2083"]
[BlackElo "2279"]
[TimeControl "180+1"]
[EndTime "8:55:51 PST"]
[Termination "Barbix1 won on time"]

1. e4 c5 2. Nf3 g6 3. d4 cxd4 4. Nxd4 Bg7 5. Nc3 Nc6 6. Be3 Nf6 7. Nxc6 dxc6 8. Qxd8+ Kxd8 9. O-O-O+ Ke8 10. Bc4 Ng4 11. Rd3 Nxe3 12. fxe3 e6 13. Rhd1 Ke7 14. a4 b6 15.
Ne2 a5 16. c3 Ra7 17. Rd6 Rc7 18.
Kc2 Bb7 19. g4 Be5 20. R6d2 Bxh2 21. Nf4 Bxf4 22. exf4 h5 23. g5 b5 24. Bb3 c5 25. e5 c4 26. Ba2 b4 27. cxb4 axb4 28. Kc1 b3 29. Bb1 Bc6 0-1

[Event "Early-Titled-Tuesday-Blitz-December-26-2023"]
[Site "Chess.com"]
[Date "2023.12.26"]
[Round "5"]
[White "Durarbayli"]
[Black "krasavetc"]
[Result "1-0"]
[WhiteElo "2868"]
[BlackElo "2656"]
[TimeControl "180+1"]
[EndTime "8:55:53 PST"]
[Termination "Durarbayli won by resignation"]

1. e4 e5 2. Nf3 Nc6 3. d4 exd4 4.
Nxd4 Nf6 5. Nxc6 bxc6 6. e5 Qe7 7. Qe2 Nd5 8. h4 f6 9. c4 Ba6 10. Rh3 Nb6 11. exf6 Qxe2+ 12. Bxe2 gxf6 13. b3 Bb4+ 14. Bd2 Bxd2+ 15. Nxd2 O-O-O 16. Rf3 Rhf8 17. Ne4 Rde8 18. Rxf6 Rxf6 19. Nxf6 Re7 20. Kf1 d5 21. Re1 dxc4 22. Bg4+ Kd8 23. Rd1+ Nd5 24. Kg1 cxb3 25. axb3 Be2 26.
Bxe2 Rxe2 27. Nxd5 cxd5 28. Rxd5+ Kc8 29. Rh5 Rb2 30. Rxh7 Rxb3 31. h5 a5 32. h6 Rb6 33.
Rh8+ Kb7 34. h7 Rh6 35. g4 a4 36. g5 Rh5 37. g6 a3 38. g7 a2 39. Rb8+ Kxb8 40.
g8=Q+ Kb7 41. Qb3+ 1-0

[Event "Early-Titled-Tuesday-Blitz-December-26-2023"]
[Site "Chess.com"]
[Date "2023.12.26"]
[Round "5"]
[White "WindWhistler11"]
[Black "YouJustFoundYourGodfather"]
[Result "1-0"]
[WhiteElo "2458"]
[BlackElo "2606"]
[TimeControl "180+1"]
[EndTime "8:55:53 PST"]
[Termination "WindWhistler11 won by checkmate"]

1. Nf3 d6 2. c4 g6 3. Nc3 Bg7 4. e3 Nf6 5. b3 O-O 6. Bb2 c5 7.
Be2 Nc6 8. O-O a6 9. d3 Rb8 10. a3 b5 11. cxb5 axb5 12. Nd2 b4 13. axb4 Nxb4 14. Re1 Bf5 15. Qb1 Qd7 16. e4 Be6 17. Nc4 Nc6 18. Na4 Rxb3 19. Qc2 Rfb8 20. e5 Nd5 21.
exd6 Bxb2 22. Naxb2 Nd4 23. Qc1 exd6 24. Bd1 Rc3 25.
Qg5 Kg7 26. h4 h6 27. Qg3 Nf6 28. Ra6 d5 29. Qxb8 dxc4 30. Nxc4 Rxd3 31. Ra8 Ne8 32. Ne5 Rxd1 33. Nxd7 Rxe1+ 34. Kh2 Bxd7 35. Qb6 Re5 36. Rd8 Nf6 37. Qd6 Rd5 38. Qf8+ Kh7 39. Qh8# 1-0

[Event "Early-Titled-Tuesday-Blitz-December-26-2023"]
[Site "Chess.com"]
[Date "2023.12.26"]
[Round "5"]
[White "R2D2PTY"]
[Black "JohnWhite1952"]
[Result "1-0"]
[WhiteElo "2244"]
[BlackElo "1999"]
[TimeControl "180+1"]
[EndTime "8:55:57 PST"]
[Termination "R2D2PTY won on time"]

1. e4 c5 2. Nf3 e6 3. g3 Nc6 4. Bg2 d6 5. O-O Nf6 6. Re1 Be7 7. c3 O-O 8. d4 cxd4 9. cxd4 Qb6 10. Nc3 a6 11. b3 e5 12. dxe5 dxe5 13. Bb2 Rd8 14. Qe2 Bg4 15. h3 Bxf3 16. Qxf3 Nd4 17. Qe3 Qb4 18.
Rac1 Rac8 19. Kh1 Bc5 20. Nd5 Nxd5 21. exd5 Nc2 22. Qxe5 Bf8 23. Re2 Na3 24. Rxc8 Rxc8 25. Kh2 Nb5 26. Qf5 Qc5 27. Be4 g6 28. Qf6 Nc3 29.
Rc2 Bg7 30. Rxc3 Bxf6 31. Rxc5 Rxc5 32. Bxf6 Kf8 33. d6 Ke8 34. Bxb7 Kd7 35. Be7 Rc2 36. Bxa6 Rxa2 37. Bb5+ 1-0

[Event "Early-Titled-Tuesday-Blitz-December-26-2023"]
[Site "Chess.com"]
[Date "2023.12.26"]
[Round "5"]
[White "mariofs"]
[Black "Romn69"]
[Result "1-0"]
[WhiteElo "2204"]
[BlackElo "2371"]
[TimeControl "180+1"]
[EndTime "8:56:00 PST"]
[Termination "mariofs won on time"]

1. d4 Nf6 2. Nc3 d5 3. Bf4 a6 4. e3 e6 5. Nf3 c5 6. Ne5 Nc6 7. Qf3 Bd6 8. a3 cxd4 9. Nxc6 bxc6 10. exd4 Bxf4 11. Qxf4 Qb6 12. Rb1 c5 13. dxc5 Qxc5 14.
Bd3 O-O 15. O-O Re8 16. Rfe1 Bd7 17. Qe5 Rec8 18. Ne2 Qc7 19. Nd4 Qxe5 20. Rxe5 a5 21. b3 Rab8 22. Rbe1 Be8 23. a4 Nd7 24. R5e2 Nc5 25.
Bb5 Ne4 26. Bxe8 Rxe8 27. Nc6 Ra8 28. f3 Nd6 29. Rd2 Nb7 30. f4 Rac8 31. Nd4 Rc5 32. Kf2 Kf8 33. Ke2 Nd6 34. Kd1 Rec8 35. g3 g6 36. Kc1 Ne4 37. Rg2 Nc3 38. Kb2 Ne4 39. Nb5 Nc3 40. Nd4 1-0

[Event "Early-Titled-Tuesday-Blitz-December-26-2023"]
[Site "Chess.com"]
[Date "2023.12.26"]
[Round "5"]
[White "DucksParadise"]
[Black "GasconJR"]
[Result "1-0"]
[WhiteElo "2488"]
[BlackElo "2627"]
[TimeControl "180+1"]
[EndTime "8:56:04 PST"]
[Termination "DucksParadise won on time"]

1. Nc3 d5 2. d4 Nf6 3. Bf4 a6 4. e3 Bf5 5. Bd3 Bxd3 6. cxd3 e6 7.
Nge2 Bd6 8. O-O O-O 9. e4 Be7 10. Rc1 Nc6 11. a3 Re8 12. Qd2 dxe4 13. dxe4 e5 14.
dxe5 Qxd2 15. Bxd2 Nxe5 16. Bf4 Bd6 17. Bxe5 Bxe5 18.
f3 Rad8 19. Rfd1 Rxd1+ 20. Rxd1 Kf8 21. Kf2 h5 22. b3 h4 23. h3 c6 24. a4 Nh5 25. Ke3 f5 26. Rd7 fxe4 27. Nxe4 b5 28. Ra7 bxa4 29. bxa4 Rb8 30. Rxa6 Rb3+ 31. Kf2 Rb2 32. Ke3 Rb3+ 33. Kf2 c5 34. Rc6 Rb2 35. Ke3 Rb3+ 36. Kd2 Nf4 37. Nxf4 Bxf4+ 38. Ke2 Rb2+ 39. Kd3 Rxg2 40. Rxc5 Bg3 41. Rg5 1-0